ESL (28 & UNDER)
MT PLEASANT BEARCATS @ SPRINGFIELD SIMPSONS
09/22/2027
 
TOP OF THE 1ST
Mt Pleasant Bearcats batting - Pitching for Springfield Simpsons : LHP Alberto Martínez
Pitching: LHP Alberto Martínez
Batting: RHB Ben Barker 0-0: Ball
1-0: Swinging Strike
1-1: Ball
2-1: Foul Ball, location: 2F
2-2: Ball
3-2: Foul Ball, location: 2F
3-2: Ground out 6-3 (Groundball, 6S)
Batting: RHB Carlos López 0-0: Ball
1-0: Ball
2-0: Called Strike
2-1: Ball
3-1: Called Strike
3-2: Foul Ball, location: 2F
3-2: Fly out, F7 (Flyball, 78M)
Batting: RHB Pat Fernández 0-0: Foul Ball, location: 2F
0-1: Ball
1-1: Called Strike
1-2: Ball
2-2: Ball
3-2: Foul Ball, location: 2F
3-2: Ground out 4-3 (Groundball, 4)
Top of the 1st over - 0 run(s), 0 hit(s), 0 error(s), 0 left on base; Mt Pleasant 0 - Springfield 0
BOTTOM OF THE 1ST
Springfield Simpsons batting - Pitching for Mt Pleasant Bearcats : LHP Rob Price
Pitching: LHP Rob Price
Batting: LHB Raúl Morales 0-0: Ball
1-0: SINGLE (Line Drive, 56D)
Batting: LHB Bruce Foster 0-0: Called Strike
0-1: Ball
1-1: Foul Ball, location: 2F
1-2: Fly out, F4 (Popup, 4D)
Batting: RHB Marcos Castillo 0-0: Ball
1-0: Ball
2-0: Ball
3-0: Base on Balls
Raúl Morales to second
Batting: LHB Mitchell Oglethorpe 0-0: Called Strike
0-1: Foul Ball, location: 2F
0-2: Foul Ball, location: 2F
0-2: Strikes out swinging
Batting: RHB Bob Carr 0-0: Ball
Wild Pitch!
Raúl Morales to third
Marcos Castillo to second
1-0: Swinging Strike
1-1: Swinging Strike
1-2: Strikes out swinging
Bottom of the 1st over - 0 run(s), 1 hit(s), 0 error(s), 2 left on base; Mt Pleasant 0 - Springfield 0
TOP OF THE 2ND
Mt Pleasant Bearcats batting - Pitching for Springfield Simpsons : LHP Alberto Martínez
Batting: RHB Jeffrey Hicks 0-0: Ball
1-0: Ball
2-0: Ball
3-0: Called Strike
3-1: Fly out, F9 (Flyball, 9)
Batting: RHB Chris Burrell 0-0: Called Strike
0-1: Ball
1-1: Foul Ball, location: 2F
1-2: Ball
2-2: Strikes out looking
Batting: RHB Tom Hicks 0-0: Foul Ball, location: 2F
0-1: Foul Ball, location: 2F
0-2: Ball
1-2: SINGLE (Groundball, 4MD)
Batting: RHB Juan Trujillo 0-0: Ball
1-0: Called Strike
1-1: Called Strike
Tom Hicks steals 2nd base
1-2: Strikes out swinging
Top of the 2nd over - 0 run(s), 1 hit(s), 0 error(s), 1 left on base; Mt Pleasant 0 - Springfield 0
BOTTOM OF THE 2ND
Springfield Simpsons batting - Pitching for Mt Pleasant Bearcats : LHP Rob Price
Batting: RHB Jeff Lloyd 0-0: Ball
1-0: Ball
2-0: Foul Ball, location: 2F
2-1: Foul Ball, location: 2F
2-2: Ball
3-2: Foul Ball, location: 2F
3-2: Base on Balls
Batting: LHB Marcos Fontanez 0-0: DOUBLE (Line Drive, 7LM)
Jeff Lloyd to third
Batting: RHB Greg Carpenter 0-0: Ball
1-0: SINGLE (Flyball, 9LS)
Jeff Lloyd scores
Marcos Fontanez to third
Batting: LHB Simão Polido 0-0: Ball
1-0: Ball
2-0: Ball
3-0: Base on Balls
Greg Carpenter to second
Batting: LHB Raúl Morales 0-0: Called Strike
0-1: Called Strike
0-2: Strikes out swinging
Batting: LHB Bruce Foster 0-0: Ground out U3 (Groundball, 23)
Marcos Fontanez scores
Greg Carpenter to third
Simão Polido to second
Batting: RHB Marcos Castillo 0-0: Called Strike
0-1: Called Strike
0-2: Ball
1-2: Ball
2-2: Hit by Pitch
Batting: LHB Mitchell Oglethorpe 0-0: Ball
1-0: Foul Ball, location: 2F
1-1: Fielders Choice at 2nd, 6-4 (Groundball, 6)
Bottom of the 2nd over - 2 run(s), 2 hit(s), 0 error(s), 2 left on base; Mt Pleasant 0 - Springfield 2
TOP OF THE 3RD
Mt Pleasant Bearcats batting - Pitching for Springfield Simpsons : LHP Alberto Martínez
Batting: RHB Nicoli Turina 0-0: Foul Ball, location: 2F
0-1: Ground out 6-3 (Groundball, 6)
Batting: RHB Martín Pérez 0-0: Called Strike
0-1: Called Strike
0-2: Strikes out swinging
Batting: RHB Ben Barker 0-0: Called Strike
0-1: Ball
1-1: Ball
2-1: Swinging Strike
2-2: Ground out 6-3 (Groundball, 6D)
Top of the 3rd over - 0 run(s), 0 hit(s), 0 error(s), 0 left on base; Mt Pleasant 0 - Springfield 2
BOTTOM OF THE 3RD
Springfield Simpsons batting - Pitching for Mt Pleasant Bearcats : LHP Rob Price
Batting: RHB Bob Carr 0-0: Ball
1-0: Ball
2-0: Ball
3-0: Called Strike
3-1: Base on Balls
Batting: RHB Jeff Lloyd 0-0: Swinging Strike
0-1: Foul Ball, location: 2F
0-2: Fly out, F9 (Flyball, 9)
Batting: LHB Marcos Fontanez 0-0: Ball
1-0: Called Strike
1-1: Foul Ball, location: 2F
1-2: Grounds into double play, 4-6-3 (Groundball, 4)
Bottom of the 3rd over - 0 run(s), 0 hit(s), 0 error(s), 0 left on base; Mt Pleasant 0 - Springfield 2
TOP OF THE 4TH
Mt Pleasant Bearcats batting - Pitching for Springfield Simpsons : LHP Alberto Martínez
Batting: RHB Carlos López 0-0: Ball
1-0: Ground out 6-3 (Groundball, 6)
Batting: RHB Pat Fernández 0-0: Ground out 6-3 (Groundball, 6)
Batting: RHB Jeffrey Hicks 0-0: Foul Ball, location: 2F
0-1: Foul Ball, location: 2F
0-2: SINGLE (Groundball, 6MD)
Batting: RHB Chris Burrell 0-0: Foul Ball, location: 2F
0-1: Ball
1-1: Called Strike
1-2: Foul Ball, location: 2F
1-2: SINGLE (Line Drive, 78S)
Jeffrey Hicks to second
Jeffrey Hicks to third
Batting: RHB Tom Hicks 0-0: Called Strike
0-1: Ball
1-1: Ball
2-1: Called Strike
2-2: Ball
3-2: Base on Balls
Chris Burrell to second
Batting: RHB Juan Trujillo 0-0: Ball
1-0: Ball
2-0: SINGLE (Groundball, 25) (infield hit)
Jeffrey Hicks scores
Chris Burrell to third
Tom Hicks to second
Batting: RHB Nicoli Turina 0-0: Ground out 4-3 (Groundball, 4S)
Top of the 4th over - 1 run(s), 3 hit(s), 0 error(s), 3 left on base; Mt Pleasant 1 - Springfield 2
BOTTOM OF THE 4TH
Springfield Simpsons batting - Pitching for Mt Pleasant Bearcats : LHP Rob Price
Batting: RHB Greg Carpenter 0-0: Ball
1-0: Foul Ball, location: 2F
1-1: Ball
2-1: Ball
3-1: Ground out 6-3 (Groundball, 56)
Batting: LHB Simão Polido 0-0: Called Strike
0-1: Called Strike
0-2: Strikes out looking
Batting: LHB Raúl Morales 0-0: Swinging Strike
0-1: Ball
1-1: Foul Ball, location: 2F
1-2: Ball
2-2: Foul Ball, location: 2F
2-2: Foul Ball, location: 2F
2-2: SINGLE (Groundball, 34D)
Batting: LHB Bruce Foster 0-0: Ball
1-0: SINGLE (Groundball, 6MD)
Raúl Morales to second
Runner from 2nd tries for 3rd, SAFE, no throw
Batting: RHB Marcos Castillo 0-0: Called Strike
0-1: SINGLE (Groundball, 6D)
Raúl Morales scores
Bruce Foster to second
Batting: LHB Mitchell Oglethorpe 0-0: Foul Ball, location: 2F
0-1: Swinging Strike
0-2: Ball
1-2: Ball
2-2: Foul Ball, location: 2F
2-2: Strikes out looking
Bottom of the 4th over - 1 run(s), 3 hit(s), 0 error(s), 2 left on base; Mt Pleasant 1 - Springfield 3
TOP OF THE 5TH
Mt Pleasant Bearcats batting - Pitching for Springfield Simpsons : LHP Alberto Martínez
Batting: RHB Martín Pérez 0-0: Ball
1-0: Foul Ball, location: 2F
1-1: Ball
2-1: Fly out, F9 (Flyball, 9LM)
Batting: RHB Ben Barker 0-0: Ball
1-0: Foul Ball, location: 2F
1-1: Ground out 5-3 (Groundball, 56S)
Batting: RHB Carlos López 0-0: Ball
1-0: Ball
2-0: Foul Ball, location: 2F
2-1: SINGLE (Line Drive, 8LS)
Batting: RHB Pat Fernández 0-0: Ball
1-0: Ball
2-0: 2-RUN HOME RUN (Line Drive, 7D), Distance : 370 ft
Batting: RHB Jeffrey Hicks 0-0: Called Strike
0-1: Foul Ball, location: 2F
0-2: Ball
1-2: Ground out 3-1 (Groundball, 34)
Top of the 5th over - 2 run(s), 2 hit(s), 0 error(s), 0 left on base; Mt Pleasant 3 - Springfield 3
BOTTOM OF THE 5TH
Springfield Simpsons batting - Pitching for Mt Pleasant Bearcats : LHP Rob Price
Batting: RHB Bob Carr 0-0: SINGLE (Line Drive, 7LM)
Batting: RHB Jeff Lloyd 0-0: Ball
1-0: Called Strike
1-1: Called Strike
1-2: Ball
2-2: DOUBLE (Line Drive, 9LS)
Bob Carr to third
Runner from 3rd tries for Home, SAFE, no throw
Batting: LHB Marcos Fontanez 0-0: Swinging Strike
0-1: Ball
1-1: Ball
2-1: Foul Ball, location: 2F
2-2: Foul Ball, location: 2F
2-2: DOUBLE (Line Drive, 78D)
Jeff Lloyd scores
Batting: RHB Greg Carpenter 0-0: Ball
1-0: Ball
2-0: SINGLE (Groundball, 4MD)
Marcos Fontanez to third
Pitching: LHP León Hernández
Batting: LHB Simão Polido 0-0: Called Strike
0-1: Called Strike
0-2: Ball
1-2: Strikes out swinging
Batting: LHB Raúl Morales 0-0: Called Strike
0-1: Called Strike
0-2: Strikes out swinging
Batting: LHB Bruce Foster 0-0: Called Strike
0-1: Swinging Strike
0-2: Ball
1-2: Strikes out swinging
Bottom of the 5th over - 2 run(s), 4 hit(s), 0 error(s), 2 left on base; Mt Pleasant 3 - Springfield 5
TOP OF THE 6TH
Mt Pleasant Bearcats batting - Pitching for Springfield Simpsons : LHP Alberto Martínez
Batting: RHB Chris Burrell 0-0: Foul Ball, location: 2F
0-1: Ball
1-1: Foul Ball, location: 2F
1-2: Ground out 2-3 (Groundball, 15S)
Batting: RHB Tom Hicks 0-0: Called Strike
0-1: Swinging Strike
0-2: Ball
1-2: Ball
2-2: Ball
3-2: Fly out, F9 (Flyball, 89XD)
Batting: RHB Juan Trujillo 0-0: Ball
1-0: Fly out, F8 (Flyball, 8LM)
Top of the 6th over - 0 run(s), 0 hit(s), 0 error(s), 0 left on base; Mt Pleasant 3 - Springfield 5
BOTTOM OF THE 6TH
Springfield Simpsons batting - Pitching for Mt Pleasant Bearcats : LHP León Hernández
Batting: RHB Marcos Castillo 0-0: Ball
1-0: Foul Ball, location: 2F
1-1: Reached on error, E7 (Flyball, 7)
Batting: LHB Mitchell Oglethorpe 0-0: Ball
1-0: Foul Ball, location: 2F
1-1: Foul Ball, location: 2F
1-2: Ball
2-2: Foul Ball, location: 2F
2-2: 2-RUN HOME RUN (Flyball, 9D), Distance : 360 ft
Batting: RHB Bob Carr 0-0: Called Strike
0-1: Ball
1-1: Ball
2-1: Ball
3-1: Called Strike
3-2: Strikes out swinging
Batting: RHB Jeff Lloyd 0-0: Called Strike
0-1: Fly out, F9 (Flyball, 9LMF)
Batting: LHB Marcos Fontanez 0-0: Swinging Strike
0-1: Swinging Strike
0-2: Ball
1-2: Strikes out swinging
Bottom of the 6th over - 2 run(s), 1 hit(s), 1 error(s), 0 left on base; Mt Pleasant 3 - Springfield 7
TOP OF THE 7TH
Mt Pleasant Bearcats batting - Pitching for Springfield Simpsons : LHP Alberto Martínez
Pitching: LHP David Taylor
Batting: RHB Nicoli Turina 0-0: Called Strike
0-1: Ball
1-1: Ball
2-1: Swinging Strike
2-2: SINGLE (Groundball, 6MD)
Batting: RHB Martín Pérez 0-0: Ball
1-0: Called Strike
1-1: Ball
2-1: Foul Ball, location: 2F
2-2: Strikes out swinging
Batting: RHB Ben Barker 0-0: Called Strike
0-1: Ball
1-1: Fly out, F9 (Flyball, 9LSF)
Batting: RHB Carlos López 0-0: Ball
1-0: Foul Ball, location: 2F
1-1: Fly out, F8 (Flyball, 8LS)
Top of the 7th over - 0 run(s), 1 hit(s), 0 error(s), 1 left on base; Mt Pleasant 3 - Springfield 7
BOTTOM OF THE 7TH
Springfield Simpsons batting - Pitching for Mt Pleasant Bearcats : LHP León Hernández
Batting: RHB Greg Carpenter 0-0: Foul Ball, location: 2F
0-1: Ball
1-1: Fly out, F6 (Line Drive, 6)
Batting: LHB Simão Polido 0-0: Ball
1-0: Swinging Strike
1-1: Ground out 6-3 (Groundball, 56D)
Batting: LHB Raúl Morales 0-0: Ball
1-0: Called Strike
1-1: Foul Ball, location: 2F
1-2: Ball
2-2: Foul Ball, location: 2F
2-2: Ball
3-2: Foul Ball, location: 2F
3-2: SOLO HOME RUN (Flyball, 89XD), Distance : 380 ft
Pitching: RHP Brad White
Batting: LHB Bruce Foster 0-0: Ball
1-0: Fly out, F7 (Flyball, 7LSF)
Bottom of the 7th over - 1 run(s), 1 hit(s), 0 error(s), 0 left on base; Mt Pleasant 3 - Springfield 8
TOP OF THE 8TH
Mt Pleasant Bearcats batting - Pitching for Springfield Simpsons : LHP David Taylor
Batting: RHB Pat Fernández 0-0: Swinging Strike
0-1: Ball
1-1: Ground out 3-1 (Groundball, 34S)
Batting: RHB Jeffrey Hicks 0-0: Called Strike
0-1: Ball
1-1: Foul Ball, location: 2F
1-2: Ball
2-2: Foul Ball, location: 2F
2-2: Ball
3-2: Foul Ball, location: 2F
3-2: Strikes out looking
Batting: RHB Chris Burrell 0-0: Foul Ball, location: 2F
0-1: Foul Ball, location: 2F
0-2: Strikes out swinging
Top of the 8th over - 0 run(s), 0 hit(s), 0 error(s), 0 left on base; Mt Pleasant 3 - Springfield 8
BOTTOM OF THE 8TH
Springfield Simpsons batting - Pitching for Mt Pleasant Bearcats : RHP Brad White
Batting: RHB Marcos Castillo 0-0: Ball
1-0: Called Strike
1-1: Foul Ball, location: 2F
1-2: Strikes out swinging
Batting: LHB Mitchell Oglethorpe 0-0: Ball
1-0: Called Strike
1-1: Ball
2-1: Foul Ball, location: 2F
2-2: Ball
3-2: Base on Balls
Batting: RHB Bob Carr 0-0: Called Strike
0-1: Ball
1-1: Called Strike
1-2: Ball
2-2: Ball
3-2: Fly out, F6 (Line Drive, 6)
Batting: RHB Jeff Lloyd 0-0: Ball
1-0: 2-RUN HOME RUN (Flyball, 78XD), Distance : 371 ft
Batting: LHB Marcos Fontanez 0-0: Ball
1-0: DOUBLE (Line Drive, 7LM)
Batting: RHB Greg Carpenter 0-0: Swinging Strike
0-1: Ground out 4-3 (Groundball, 34D)
Bottom of the 8th over - 2 run(s), 2 hit(s), 0 error(s), 1 left on base; Mt Pleasant 3 - Springfield 10
TOP OF THE 9TH
Mt Pleasant Bearcats batting - Pitching for Springfield Simpsons : LHP David Taylor
Batting: RHB Tom Hicks 0-0: Ground out 6-3 (Groundball, 56D)
Pinch Hitting: RHB Jaime Hernández 0-0: Ball
1-0: Ball
2-0: Foul Ball, location: 2F
2-1: Fly out, F2 (Popup, 56S)
Batting: RHB Nicoli Turina 0-0: Ball
1-0: Foul Ball, location: 2F
1-1: Called Strike
1-2: SINGLE (Line Drive, 78S)
Batting: RHB Martín Pérez 0-0: Foul Ball, location: 2F
0-1: Ball
1-1: Foul Ball, location: 2F
1-2: Ground out 1-3 (Groundball, 13)
Top of the 9th over - 0 run(s), 1 hit(s), 0 error(s), 1 left on base; Mt Pleasant 3 - Springfield 10
Thursday, March 30th, 2017 - OOTP Baseball 17.12 Build 75